 Dungeon Crawl Stone Soup version 0.17.0-24-gcfadda4 (webtiles) character file.

95 oplop the Changer (level 4, 0/30 HPs)
             Began as an Octopode Transmuter on Nov 15, 2015.
             Killed from afar by a goblin (7 damage)
             ... with a wand of magic darts
             ... led by Robin
             ... on level 2 of the Dungeon.
             The game lasted 00:02:45 (1813 turns).

oplop the Changer (Octopode Transmuter)             Turns: 1813, Time: 00:02:45

Health: 0/30       AC:  1    Str: 10    XL:     4   Next: 66%
Magic:  6/7        EV: 12    Int: 15    God:
Gold:   65         SH:  0    Dex: 12    Spells: 1 memorised, 7 levels left

rFire  . . .     SeeInvis .     j - +2 dagger (flame)
rCold  . . .     Clarity  .     (no shield)
rNeg   . . .     SustAt   .     (helmet restricted)
rPois  .         Gourm    .     (no amulet)
rElec  .         Spirit   .     (no ring)
rCorr  .         Warding  .     (no ring)
rMut   .         Stasis   .     (no ring)
MR     .....                    (no ring)
Stlth  ++........               (no ring)
                                (no ring)
                                (no ring)
                                (no ring)

@: appendage, not resistant to hostile enchantments, unstealthy
A: almost no armour, amphibious, 8 rings, constrict 8, tentacle spike 3,
camouflage 1, gelatinous body 1
a: End Transformation


You were on level 2 of the Dungeon.
You were not hungry.
One of your tentacles had a temporary spike.
You visited 1 branch of the dungeon, and saw 2 of its levels.

You collected 65 gold pieces.

Inventory:

Hand Weapons
 j - a +2 dagger of flaming (weapon)
Missiles
 a - 32 arrows
Scrolls
 f - a scroll of random uselessness {unknown}
 i - a scroll of magic mapping {unknown}
 n - a scroll of identify {unknown}
 o - a scroll of enchant weapon {unknown}
Potions
 e - 2 potions of curing {unknown}
 g - a potion of might {unknown}
 k - a potion of heal wounds {unknown}
 l - a potion of lignification {unknown}
 m - a potion of cancellation {unknown}
Books
 b - a book of Changes

   Spells                             Type                      Level
   a - Beastly Appendage              Transmutation                1
   b - Sticks to Snakes               Transmutation                2
   c - Spider Form                    Transmutation/Poison         3
   d - Ice Form                       Ice/Transmutation            4
   e - Blade Hands                    Transmutation                5
Comestibles
 c - a bread ration
 d - 7 fruits
 h - a meat ration
 p - 2 chunks of flesh


   Skills:
 + Level 2.6 Fighting
 - Level 2.0 Dodging
 - Level 3.0 Unarmed Combat
 + Level 2.5 Spellcasting
 * Level 3.5 Transmutations


You had 7 spell levels left.
You knew the following spells:

 Your Spells              Type           Power        Failure   Level  Hunger
a - Beastly Appendage     Trmt           ##....       6%          1    #......


Dungeon Overview and Level Annotations

Branches:
Dungeon (2/15)

Altars:


Innate Abilities, Weirdness & Mutations

You cannot wear most types of armour.
You are amphibious.
You can wear up to eight rings at the same time.
You can use your tentacles to constrict eight enemies at once.
Your skin changes colour to match your surroundings (Stealth).
Your rubbery body absorbs attacks (AC +1).
One of your tentacles bears a large vicious spike.


Message History

You hit the hobgoblin. You burn the hobgoblin. Your grab misses the hobgoblin.
The hobgoblin is moderately wounded.
The goblin hits you. The hobgoblin closely misses you.
The goblin barely misses you.
Unknown command.
You hit the hobgoblin. You burn the hobgoblin.
You kill the hobgoblin!
The goblin hits you.
* * * LOW HITPOINT WARNING * * *
Unknown command.
You closely miss the goblin. Your grab misses the goblin.
Your squeeze misses the goblin. The goblin misses you.
The goblin barely misses you.
Unknown command.
You hit the goblin but do no damage. Your grab misses the goblin.
Your tentacle spike misses the goblin.
You squeeze the goblin.
You kill the goblin!
The goblin completely misses you.
The goblin zaps a wand.
The magic dart hits you!
You die...

####.#.# #.####.##..#..#....#
#).....# #...#<.....#.....#.#
####.###.#####.##)#...#.....#.###
.S)......g.Sg.g((.......>.......#
####....######....#...#.......#.#
#..#.#### #.#####†.#..........
#..#....# #.#####.....##...###
#..####.###.#...÷.............
####.....#.....#@.......#####...#
.g....#.÷......g)g....#######..<#
.#.#.###.#.........####..........
...#.....#.........# #.#########
.###..####.........# #.#...#....
## ##.##.....#.##### #.#.#.#.###
#.##.....#.# #.#.#...#
#..#.....#.# #.#..####
##.#.....#.# #.##.#


You could see 2 goblins.

Vanquished Creatures
  Robin (D:2)
  4 adders (D:2)
  A worm (D:2)
  2 giant geckos (D:2)
  4 giant cockroaches (D:1)
  5 hobgoblins
  4 bats
  12 goblins
  8 kobolds
  5 rats
46 creatures vanquished.

Notes
Turn   | Place    | Note
--------------------------------------------------------------
     0 | D:1      | oplop the Octopode Transmuter began the quest for the Orb.
     0 | D:1      | Reached XP level 1. HP: 13/13 MP: 3/3
   225 | D:1      | Reached XP level 2. HP: 12/18 MP: 5/5
   849 | D:2      | Reached XP level 3. HP: 18/24 MP: 4/6
  1174 | D:2      | Noticed Robin
  1180 | D:2      | Reached XP level 4. HP: 21/30 MP: 5/7
  1802 | D:2      | Killed Robin
  1813 | D:2      | Killed from afar by a goblin

Action                   |  1- 3 |  4- 6 || total
-------------------------+-------+-------++-------
Melee: Unarmed           |    34 |       ||    34
       Dagger            |    24 |    35 ||    59
 Cast: Beastly Appendage |    16 |     9 ||    25
 Stab: Sleeping          |     3 |       ||     3
  Eat: Chunk             |     1 |     2 ||     3
